 Seeded DCSS version 0.29.1-4-g47bece8355 (webtiles) character file.

Game seed: 1738030888014195264 (custom seed)

100 kingsuperguy the Slasher (level 4, -3/34 HPs)
             Began as a Merfolk Gladiator on Dec 2, 2022.
             Slain by a gnoll
             ... wielding a +0 halberd
              (4 damage)
             ... on level 2 of the Dungeon.
             The game lasted 00:01:58 (1685 turns).

kingsuperguy the Slasher (Merfolk Gladiator)        Turns: 1685, Time: 00:01:59

Health: -3/34      AC: 11    Str: 16    XL:     4   Next: 74%
Magic:  0/4        EV:  8    Int:  7    God:
Gold:   36         SH:  0    Dex: 15    Spells: 3/3 levels left

rFire   . . .      SeeInvis .   a - +0 long sword
rCold   . . .      Faith    .   (no shield)
rNeg    . . .      Spirit   +   p - +0 chain mail
rPois   .          Reflect  .   c - +0 helmet
rElec   .          Harm     .   v - +0 cloak
rCorr   .          Rampage  .   (no gloves)
Will    .....                   s - +0 pair of boots
Stlth   ..........              w - amulet of guardian spirit
HPRegen 0.11/turn               (no ring)
MPRegen 0.09/turn               (no ring)

@: no status effects
A: (nimble swimmer 2), mertail
a: no special abilities


You were on level 2 of the Dungeon.
You visited 1 branch of the dungeon, and saw 2 of its levels.

You collected 36 gold pieces.

Inventory:

Hand Weapons
 a - a +0 long sword (weapon)
 o - a +2 vampiric hand axe
Missiles
 d - 3 throwing nets (quivered)
 e - a javelin
Armour
 b - a +0 leather armour
 c - a +0 helmet (worn)
 p - a +0 chain mail (worn)
 s - a +0 pair of boots (worn)
 v - a +0 cloak (worn)
Jewellery
 w - an amulet of guardian spirit (around neck)
Scrolls
 i - 5 scrolls of identify {unknown}
 j - a scroll of blinking {unknown}
 q - a scroll of fear {unknown}
 r - a scroll of teleportation {unknown}
 u - a scroll of vulnerability {unknown}
Potions
 f - a potion of brilliance {unknown}
 g - a potion of curing {unknown}
 h - 2 potions of magic {unknown}
 k - a potion of degeneration {unknown}
 l - 2 potions of heal wounds {unknown}
 m - a potion of lignification {unknown}
 n - a potion of might {unknown}
 t - a potion of cancellation {unknown}


   Skills:
 + Level 2.7 Fighting
 + Level 5.1 Long Blades
 + Level 2.1 Throwing
 + Level 0.8 Armour
 + Level 4.6 Dodging
 + Level 0.7 Stealth


You had 3 spell levels left.
You didn't know any spells.
Your spell library contained the following spells:

 Spells                   Type           Power      Damage    Failure   Level
 Magic Dart               Conj           0%         1d3       100%        1
 Call Imp                 Summ           0%         N/A       100%        2
 Mephitic Cloud           Conj/Pois/Air  0%         N/A       100%        3


Dungeon Overview and Level Annotations

Branches:
Dungeon (2/15)

Altars:

Shops:
D:1 (

Annotations:
D:2 1 runed translucent door, Crazy Yiuf


Innate Abilities, Weirdness & Mutations

((You are very nimble when in or above water. (Stealth+, EV+, Speed+++)))
Your lower body shifts to a powerful aquatic tail in water.


Message History

You kill the gnoll!
Your Long Blades skill increases to level 5!
You hit the gnoll.
The gnoll is lightly wounded.
The gnoll hits you with a +0 club.
You hit the gnoll but do no damage.
The gnoll is lightly wounded.
The gnoll barely misses you. The gnoll closely misses you.
You barely miss the gnoll.
The gnoll is lightly wounded.
The gnoll hits you from afar with a +0 halberd!
The gnoll hits you with a +0 club.
The gnoll hits you from afar with a +0 halberd.
The gnoll hits you with a +0 club.
You hit the gnoll.
The gnoll is heavily wounded.
The gnoll hits you but does no damage. The gnoll hits you with a +0 club.
You hit the gnoll.
The gnoll is almost dead.
The gnoll barely misses you. The gnoll closely misses you.
You hit the gnoll.
You kill the gnoll!
The gnoll hits you but does no damage. The gnoll closely misses you.
Items here: ))) †.
You barely miss the gnoll. The gnoll barely misses you.
You hit the gnoll.
The gnoll is moderately wounded.
The gnoll hits you with a +0 halberd.
You barely miss the gnoll.
The gnoll is moderately wounded.
The gnoll closely misses you.
You barely miss the gnoll.
The gnoll is moderately wounded.
The gnoll hits you with a +0 halberd!
* * * LOW HITPOINT WARNING * * *
You hit the gnoll.
The gnoll is severely wounded.
The gnoll closely misses you. The gnoll hits you with a +0 halberd.
You die...

# #.##.# .# ## #.##.#
.###.##.# †.##.##.# #.
#.....#.####### ...
.###..#........ .... ### .#
#........... .....#.####.. .#
#.#..###########.....##.......
.# #.#..##
#....@g'.....+........ ##
#.#...# #.######.....########.
#.#.#.###.# ....# #....
..#.#..##.# ...# #.##.
..#.##....# ..# #.#..
....#####.### ## #.#.. ##
#...############ #.#..
#.#..##........###....
######.##.##........#......


You could see a gnoll.

Vanquished Creatures
  Terence (D:2)
  3 gnolls (D:2)
  2 worms (D:2)
  3 dart slugs
  6 bats
  4 endoplasms
  2 giant cockroaches (D:1)
  A hobgoblin (D:1)
  5 kobolds
  5 ball pythons
  4 goblins
  4 rats
40 creatures vanquished.

Notes
Turn   | Place    | Note
-------+----------+-------------------------------------------
     0 | D:1      | kingsuperguy the Merfolk Gladiator began the quest for the
                  | Orb.
     0 | D:1      | Reached XP level 1. HP: 16/16 MP: 1/1
    59 | D:1      | Reached XP level 2. HP: 23/23 MP: 2/2
    59 | D:1      | Found a faded altar of an unknown god.
   121 | D:1      | Reached skill level 4 in Long Blades
   394 | D:1      | Found Ismoeso's Weapon Emporium.
   560 | D:1      | Reached XP level 3. HP: 26/28 MP: 3/3
  1205 | D:2      | Found a runed translucent door.
  1206 | D:2      | Noticed Crazy Yiuf
  1457 | D:2      | Noticed Terence
  1476 | D:2      | Killed Terence
  1477 | D:2      | Reached XP level 4. HP: 25/34 MP: 2/4
  1674 | D:2      | Reached skill level 5 in Long Blades
  1684 | D:2      | HP: 1/34 [gnoll/+0 halberd (10)]
  1685 | D:2      | Slain by a gnoll

Illustrated notes

Levels and vault maps discovered:
D:1:      evilmike_arrival_crescent, layout_rooms,
          hellmonk_ecumenical_altar_zigzags, serial_shops, nicolae_shop_trees,
          grunt_decor_resistance
D:2:      layout_basic, uniq_terence, uniq_crazy_yiuf_cottage

Skill      XL: |  1  2  3  4 |
---------------+-------------+-----
Long Blades    | 4 5 |  5.1
Fighting       | |  2.7
Throwing       | |  2.1
Armour         | |  0.8
Dodging        | |  4.6
Stealth        | |  0.7

Action                   |  1- 3 |  4- 6 || total
-------------------------+-------+-------++-------
Melee: Long sword        |   107 |    24 ||   131
 Stab: Distracted        |     1 |       ||     1
Armor: Leather armour    |    15 |       ||    15
       Chain mail        |    46 |    11 ||    57
Dodge: Dodged            |    59 |    17 ||    76
